 Dungeon Crawl Stone Soup version 0.28-a0-268-g3f656e82c2 (webtiles) character file.

Game seed: 6463583538373538998

3376 bande the Shield-Bearer (level 10, -15/60 HPs)
             Began as a Gargoyle Fighter on Aug 29, 2021.
             Demolished by a boulder beetle (33 damage)
             ... on level 7 of the Dungeon.
             The game lasted 00:14:36 (5866 turns).

bande the Shield-Bearer (Gargoyle Fighter)          Turns: 5866, Time: 00:14:37

Health: -15/60     AC: 27    Str: 21 (23) XL:     10   Next: 3%
Magic:  10/10      EV: 12    Int:  5 (8)  God:
Gold:   206        SH: 12    Dex: 19      Spells: 9/9 levels left

rFire   . . .      SeeInvis +   x - +10 hand axe of Sharkskin {holy, Fragile rN++ Dex+9}
rCold   . . .      Faith    .   c - +1 kite shield
rNeg    + + +      Spirit   .   v - +0 chain mail
rPois   ∞          Reflect  .   (helmet restricted)
rElec   +          Harm     .   (no cloak)
rCorr   .          Rampage  .   k - +2 pair of gloves
Will    .....                   (no boots)
Stlth   ..........              (no amulet)
HPRegen 0.20/turn               p - +4 ring of evasion
MPRegen 0.12/turn               w - +4 ring of protection

@: studying 2 skills
A: sickness immunity, AC +7, negative energy resistance 1, electricity
resistance, torment resistance 1, petrification resistance, antennae 1,
iridescent scales 1, see invisible, deterioration 1
a: no special abilities


You were on level 7 of the Dungeon.
You visited 1 branch of the dungeon, and saw 7 of its levels.
You also visited: Sewer.

You collected 422 gold pieces.
You spent 216 gold pieces at shops.

Inventory:

Hand Weapons
 a - a +1 war axe
 b - a +4 morningstar
 e - a +2 hand axe of electrocution
 x - the +10 hand axe of Sharkskin (weapon) {holy, Fragile rN++ Dex+9}
   (You bought it in a shop on level 6 of the Dungeon)

   It has been blessed by the Shining One to cause great damage to the undead
   and demons.
   Dex:       It affects your dexterity (+9).
   rN:        It greatly protects you from negative energy.
   Fragile:   It will be destroyed if unequipped.
Missiles
 r - 3 throwing nets (quivered)
Armour
 c - a +1 kite shield (worn)
 k - a +2 pair of gloves (worn)
 o - a +0 helmet
 v - a +0 chain mail (worn)
Jewellery
 j - a ring of positive energy
 m - a ring of wizardry
 p - a +4 ring of evasion (left hand)
 u - an amulet of magic regeneration
 w - a +4 ring of protection (right hand)
 z - a ring of wizardry
Wands
 h - a wand of polymorph (12)
 l - a wand of mindburst (13)
 A - a wand of flame (22)
Scrolls
 g - 3 scrolls of teleportation
 i - a scroll of identify
 q - 6 scrolls of fog
 y - a scroll of fear {unknown}
 B - a scroll of blinking {unknown}
Potions
 d - 2 potions of might
 f - 3 potions of flight
 n - 3 potions of curing
 s - a potion of heal wounds
 t - a potion of attraction


   Skills:
 + Level 6.1 Fighting
 + Level 7.4 Axes
 + Level 7.2 Armour
 + Level 2.8 Dodging
 - Level 0.2 Stealth
 + Level 7.4 Shields
 * Level 4.9 Evocations


You had 9 spell levels left.
You didn't know any spells.
Your spell library contained the following spells:

 Spells                   Type           Power      Damage    Failure   Level
 Sting                    Tmut/Pois      0%         1d3       100%        1
 Corpse Rot               Necr/Air       N/A        N/A       100%        2
 Poisonous Vapours        Pois/Air       0%         N/A       100%        2
 Call Canine Familiar     Summ           0%         N/A       100%        3
 Dazzling Flash           Conj/Hex       0%         N/A       100%        3
 Portal Projectile        Hex/Tloc       0%         N/A       100%        3
 Iskenderun's Mystic Bla  Conj/Tloc      0%         2d3       100%        4
 Leda's Liquefaction      Hex/Erth       0%         N/A       100%        4
 Olgreb's Toxic Radiance  Pois           0%         N/A       100%        4
 Freezing Cloud           Conj/Ice/Air   0%         6-21      100%        5
 Starburst                Conj/Fire      0%         6d3       100%        6


Dungeon Overview and Level Annotations

Branches:
Dungeon (7/15)             Temple (0/1) D:4           Sewer (visited)

Altars:
Ru
Trog

Shops:
D:1 !   D:6 (   D:7 ?


Innate Abilities, Weirdness & Mutations

You are immune to sickness and miasma.
Your stone body is resilient. (AC +7)
You are immune to poison.
You resist negative energy. (rN+)
You are resistant to electric shocks. (rElec)
You are resistant to unholy torment.
You are immune to petrification.
You have a pair of small antennae on your head.
You are partially covered in iridescent scales. (AC +2)
You have supernaturally acute eyesight. (SInv)
Your body sometimes deteriorates upon taking damage.


Message History

The boulder beetle is heavily wounded.
The boulder beetle bites you!!
* * * LOW HITPOINT WARNING * * *
Your body deteriorates!
You feel weakened.
You are too injured to fight recklessly!
You are too injured to fight recklessly!
You are too injured to fight recklessly!
You are too injured to fight recklessly!
You are too injured to fight recklessly!
You are too injured to fight recklessly!
You are too injured to fight recklessly!
You are too injured to fight recklessly!
You are too injured to fight recklessly!
You are too injured to fight recklessly!
Your chain mail prevents you from hitting the boulder beetle.
The boulder beetle is heavily wounded.
The boulder beetle barely misses you.
You slash the boulder beetle!
The boulder beetle is heavily wounded.
The boulder beetle barely misses you.
You hit the boulder beetle.
The boulder beetle is heavily wounded.
The boulder beetle bites you!
* * * LOW HITPOINT WARNING * * *
You hit the boulder beetle but do no damage.
The boulder beetle is heavily wounded.
You block the boulder beetle's attack.
You slash the boulder beetle!
The boulder beetle is severely wounded.
You block the boulder beetle's attack.
You hit the boulder beetle but do no damage.
The boulder beetle is severely wounded.
The boulder beetle leaps!
You feel better.
The boulder beetle curls into a ball and begins rolling!
You hit the boulder beetle.
The boulder beetle is severely wounded.
The boulder beetle hits you!!
Ouch! That really hurt!
You die...

#.# ##..............##### # #.#
#.#.....)..###'### # #.#
#.#........#.....# ..#
#.#........#.....#### ###
#.#........'.....'..#
#.##....°..#.....##.##### #.
+....°..#.....##.##...
#....B..#.....##.##... ###+######
#....@..#.....##.##... #........#
#.......#.....##.##... #........#
#.......###+####.#.... #........#
#.....#####.####.#....
'........+.......+.......).......
#..).....###.....#####...##.#.###
..#'####################.##.#.#
..).)....... <.......##.#.#
.##.####################....#.#


You could see a boulder beetle (rolling).

Vanquished Creatures
  Joseph (D:7)
  A steam dragon (D:6)
  Edmund (D:5)
  A water moccasin (D:6)
  Purgy (Sewer)
  A hornet zombie (D:7)
  2 ice beasts
  A sky beast (D:6)
  An ogre (D:6)
  3 necrophages
  A centaur (D:6)
  A phantom (D:6)
  A kobold brigand (D:6)
  2 bullfrogs
  3 scorpions
  A wyvern zombie (D:7)
  2 water moccasin skeletons
  6 killer bees
  8 wights
  2 bullfrog zombies
  A jelly (D:6)
  2 gnoll shamans
  An orc priest (D:7)
  3 iguanas
  2 orc wizards (D:7)
  A howler monkey zombie (D:6)
  7 adders
  8 gnolls
  2 shadow imps
  A white imp (D:6)
  2 worms (D:2)
  A dart slug (D:1)
  20 orcs
  10 endoplasms
  6 giant cockroaches
  14 goblins
  8 hobgoblins
  8 jackals
  10 kobolds
  6 quokkas
  9 ball pythons
  7 bats
  3 frilled lizards
  5 rats
177 creatures vanquished.

Vanquished Creatures (others)
  An orc (D:6)
1 creature vanquished.

Grand Total: 178 creatures vanquished

Notes
Turn   | Place    | Note
-------+----------+-------------------------------------------
     0 | D:1      | bande the Gargoyle Fighter began the quest for the Orb.
     0 | D:1      | Reached XP level 1. HP: 14/14 MP: 1/1
    65 | D:1      | Reached XP level 2. HP: 19/19 MP: 2/2
   110 | D:1      | Found a bloodstained altar of Trog.
   375 | D:1      | Reached XP level 3. HP: 23/23 MP: 3/3
   919 | D:1      | Found Uxiopsoe's Distillery.
  1012 | D:2      | Reached XP level 4. HP: 16/28 MP: 4/4
  2113 | D:3      | Reached XP level 5. HP: 31/32 MP: 5/5
  2214 | D:3      | Reached skill level 1 in Dodging
  2421 | D:3      | Reached XP level 6. HP: 21/38 MP: 6/6
  2678 | D:4      | Reached skill level 5 in Armour
  2799 | D:4      | Reached XP level 7. HP: 43/43 MP: 7/7
  2804 | D:4      | Reached skill level 5 in Shields
  3098 | D:4      | Found a sacrificial altar of Ru.
  3104 | D:4      | Found a staircase to the Ecumenical Temple.
  3300 | D:5      | Entered Level 5 of the Dungeon
  3428 | D:5      | Noticed Edmund
  3447 | D:5      | Killed Edmund
  3448 | D:5      | Reached skill level 1 in Evocations
  3473 | D:5      | Found a glowing drain.
  3499 | Sewer    | Entered a sewer
  3556 | Sewer    | Noticed Purgy
  3587 | Sewer    | Killed Purgy
  3588 | Sewer    | Reached XP level 8. HP: 27/48 MP: 8/8
  3810 | D:5      | Identified a scroll of acquirement
  3810 | D:5      | Acquired a manual of Fighting
  4443 | D:6      | Gained mutation: You have hidden genetic defects. [potion
                  | of mutation]
  4443 | D:6      | Gained mutation: You are partially covered in iridescent
                  | scales. (AC +2) [potion of mutation]
  4444 | D:6      | Lost mutation: You have hidden genetic defects. [potion of
                  | mutation]
  4444 | D:6      | Lost mutation: You are partially covered in iridescent
                  | scales. (AC +2) [potion of mutation]
  4444 | D:6      | Gained mutation: You have supernaturally acute eyesight.
                  | (SInv) [potion of mutation]
  4444 | D:6      | Gained mutation: Your body sometimes deteriorates upon
                  | taking damage. [potion of mutation]
  4444 | D:6      | Gained mutation: You are partially covered in iridescent
                  | scales. (AC +2) [potion of mutation]
  4444 | D:6      | Gained mutation: You have a pair of small antennae on your
                  | head. [potion of mutation]
  4456 | D:6      | Reached skill level 5 in Axes
  4540 | D:6      | Reached skill level 5 in Fighting
  4740 | D:6      | Reached XP level 9. HP: 54/54 MP: 9/9
  5135 | D:6      | Found Ilett's Antique Weapon Emporium.
  5147 | D:6      | Bought a fine hand axe for 216 gold pieces
  5147 | D:6      | Identified the +10 hand axe of Sharkskin {holy, Fragile
                  | rN++ Dex+9} (You bought it in a shop on level 6 of the
                  | Dungeon)
  5531 | D:7      | Found Goagiopp's Magic Scroll Shoppe.
  5597 | D:7      | Noticed Joseph
  5616 | D:7      | Killed Joseph
  5617 | D:7      | Reached XP level 10. HP: 52/60 MP: 10/10
  5834 | D:7      | Noticed a boulder beetle
  5866 | D:7      | Demolished by a boulder beetle

Illustrated notes

Levels and vault maps discovered:
D:1:      psy_arrival_whirlpool, layout_loops_ring, serial_shops,
          nicolae_shop_waterfront, minmay_hexomino_r4
D:2:      layout_basic, minmay_tall_x
D:3:      layout_rooms
D:4:      layout_rooms, kennysheep_mini, minmay_temple_entry_poolview
D:5:      layout_basic, portal_sewer_entry_f, uniq_edmund
D:6:      layout_gridville, serial_shops, nicolae_shop_trees,
          minmay_manual_monolith
D:7:      layout_basic, serial_shops, shop_coins, uniq_joseph

Skill      XL: |  1  2  3  4  5  6  7  8  9 |
---------------+----------------------------+-----
Axes           | 2 3 4 5 7 |  7.4
Armour         | 4 5 6 7 |  7.2
Shields        | 4 5 6 7 |  7.4
Dodging        | 1 2 |  2.8
Fighting       | 4 5 6 |  6.1
Evocations     | 1 3 4 |  4.9
Stealth        | |  0.2

Action                   |  1- 3 |  4- 6 |  7- 9 | 10-12 || total
-------------------------+-------+-------+-------+-------++-------
Melee: War axe           |     9 |       |       |       ||     9
       Hand axe          |    80 |   102 |   314 |    33 ||   529
  Use: Scroll            |     3 |     4 |     6 |       ||    13
       Potion            |     1 |     2 |     5 |     1 ||     9
Armor: Scale mail        |    56 |    69 |    99 |       ||   224
       Chain mail        |       |       |    63 |    11 ||    74
Dodge: Dodged            |    20 |    40 |   167 |     6 ||   233
Block: Kite shield       |    30 |    74 |   164 |    13 ||   281

Table legend: (Time is in decaauts)
 A = Elapsed time spent in this place.
 B = Non-inter-level travel time spent in this place.
 C = Inter-level travel time spent in this place.
 D = Time resting spent in this place.
 E = Time spent auto-exploring this place.
 F = Levels seen in this place.
 G = Mean time per level.
                   A        B        C        D        E       F      G
               +--------+--------+--------+--------+--------+-----+--------+
         Total |   6041 |   6016 |     25 |   1045 |   3339 |   8 |  755.1 |
       Dungeon |   5755 |   5730 |     25 |    918 |   3253 |   7 |  822.1 |
         Sewer |    286 |    286 |      0 |    127 |     86 |   1 |  286.0 |
               +--------+--------+--------+--------+--------+-----+--------+

Top non-repeatable levels by time:
     D:1: 1005 daAuts
     D:3: 901 daAuts
     D:5: 894 daAuts
     D:2: 830 daAuts
     D:6: 819 daAuts
     D:4: 654 daAuts
     D:7: 650 daAuts
   Sewer: 286 daAuts
